 Dungeon Crawl Stone Soup version 0.20.1-1-g8b1a95d (webtiles) character file.

1906 KnobCreek the Thaumaturge (level 8, 0/52 HPs)
             Began as a Mummy Conjurer on July 22, 2017.
             Was an Initiate of Gozag.
             Killed from afar by an electric eel (12 damage)
             ... with a bolt of electricity
             ... on level 6 of the Dungeon.
             The game lasted 00:30:31 (9164 turns).

KnobCreek the Thaumaturge (Mummy Conjurer)          Turns: 9164, Time: 00:30:31

Health: 0/52       AC:  5    Str: 12    XL:     8   Next: 94%
Magic:  12/22      EV: 12    Int: 16    God:    Gozag
Gold:   269        SH:  0    Dex: 12    Spells: 9/27 levels left

rFire    x . .     SeeInvis .   m - +2 whip (drain)
rCold    + . .     Gourm    .   (no shield)
rNeg     + + +     Faith    .   a - +0 robe
rPois    ∞         Spirit   .   l - +1 helmet
rElec    .         Reflect  .   (no cloak)
rCorr    .         Harm     .   (no gloves)
MR       +....                  (no boots)
Stlth    ++........             g - amulet of magic regeneration
Regen    0.2/turn               w - +1 ring of protection
MPRegen  0.3/turn               (no ring)

@: gold aura, very slightly contaminated
A: no food or potions, fire vulnerability, cold resistance 1, negative energy
resistance 3, torment resistance, unbreathing
a: Potion Petition, Call Merchant, Bribe Branch, Renounce Religion


You were on level 6 of the Dungeon.
You worshipped Gozag.
Gozag was aware of your devotion.
You were not hungry.

You visited 1 branch of the dungeon, and saw 6 of its levels.
You also visited: Ossuary.

You collected 1073 gold pieces.
You paid 804 gold pieces to Gozag.

Inventory:

Hand Weapons
 d - a +0 dagger
 f - a +0 mace
 k - a +0 short sword
 m - a +2 whip of draining (weapon)
 p - a +1 dagger of venom
Missiles
 c - 24 poisoned needles
 i - 186 stones (quivered)
 o - 4 tomahawks
Armour
 a - a +0 robe (worn)
 h - a +2 scale mail of fire resistance
 l - a +1 helmet (worn)
 s - a cursed +0 buckler
Magical Staves
 v - an uncursed staff of poison
Jewellery
 g - an amulet of magic regeneration (around neck)
 w - a +1 ring of protection (left hand)
Wands
 n - a wand of paralysis (4/24)
 q - a wand of random effects (13/48)
Scrolls
 e - 8 scrolls of identify
 j - a scroll of fear
 r - 2 scrolls of teleportation
 t - a scroll of amnesia
 u - a scroll of enchant armour
Books
 b - a book of Conjurations

   Spells                             Type                      Level
   a - Magic Dart                     Conjuration                  1
   b - Searing Ray                    Conjuration                  2
   c - Dazzling Spray                 Conjuration/Hexes            3
   d - Fulminant Prism                Conjuration/Hexes            4
   e - Force Lance                    Conjuration/Translocation    4
   f - Iskenderun's Mystic Blast      Conjuration                  4


   Skills:
 - Level 1.5 Dodging
 - Level 1.5 Stealth
 + Level 10.1 Spellcasting
 + Level 7.6 Conjurations


You had 9 spell levels left.
You knew the following spells:

 Your Spells              Type           Power        Failure   Level  Hunger
a - Magic Dart            Conj           ####         1%          1    N/A
b - Searing Ray           Conj           ####..       1%          2    N/A
c - Dazzling Spray        Conj/Hex       ###...       5%          3    N/A
d - Iskenderun's Mystic   Conj           ####....     3%          4    N/A
e - Fulminant Prism       Conj/Hex       ###.......   19%         4    N/A
f - Force Lance           Conj/Tloc      ###.....     19%         4    N/A

Dungeon Overview and Level Annotations

Branches:
Dungeon (6/15)             Temple (0/1) D:5

Altars:
Elyvilon
Gozag
Sif Muna
The Shining One

Shops:
D:4 %   D:5 *

Annotations:
D:3 imallriledup's ghost, amateur HOBe
D:4 Faraday's ghost, amateur OpIE


Innate Abilities, Weirdness & Mutations

You do not eat or drink.
Your flesh is vulnerable to fire.
You are immune to poison.
Your flesh is cold resistant. (rC+)
You are immune to negative energy. (rN+++)
You are immune to unholy pain and torment.
You can survive without breathing.


Message History

Press: ? - help, Dir - move target cursor You conjure a prism of explosive energy!
The electric eel shoots out a bolt of lightning at you!
The bolt of electricity hits the plant.
The bolt of electricity hits you!
Your fulminant prism crackles loudly.
The electric eel shoots out a bolt of lightning at you!
The bolt of electricity hits the plant. x2; The bolt of electricity hits you!
* * * LOW HITPOINT WARNING * * *
Your fulminant prism explodes!
The blast of energy engulfs the plant.
The plant is severely damaged.
The blast of energy engulfs the plant.
The plant is moderately damaged.
The blast of energy engulfs the electric eel.
The electric eel is severely wounded.
Okay, then.
The electric eel shoots out a bolt of lightning at you!
The bolt of electricity hits the plant.
The bolt of electricity hits you!
You die...
Your body crumbles into a pile of gold.

#####.######....≈≈≈≈≈≈≈≈≈.≈....#
#####..##....≈.≈≈PP≈≈≈≈≈≈≈....##
...........≈≈≈≈.≈≈≈≈≈≈≈≈≈....#*
≈≈....≈≈P.≈≈≈≈P≈≈≈≈≈≈P≈;....#*
P≈≈≈P≈P.≈≈≈≈≈≈≈≈≈≈≈≈≈.P≈...#*
≈≈≈≈≈≈≈≈≈≈≈≈≈≈≈≈≈≈≈≈..$....#
≈≈≈≈≈P≈≈≈≈≈≈≈P≈≈≈≈≈≈≈.....#*
PP≈≈P≈≈.≈≈≈PP...≈..P....#**
≈...≈......≈≈≈..@......##
......###.....(.......## ......*
############### ######*


You could see an electric eel.

Vanquished Creatures
  Eustachio (D:4)
  A wraith (Ossuary)
  3 ice beasts (D:5)
  A black bear (D:6)
  A phantom (D:5)
  2 centaurs
  2 bullfrogs (D:6)
  A scorpion (D:5)
  3 electric eels (D:6)
  2 crimson imps (D:5)
  2 hounds
  An orc priest (D:4)
  A centaur skeleton (D:4)
  Terence (D:2)
  An iguana (D:6)
  Ijyb (D:3)
  4 orc wizards
  2 worker ants
  A hound zombie (D:4)
  2 mummies
  Robin (D:3)
  A worker ant zombie (D:5)
  8 adders
  An adder skeleton (D:4)
  4 worms
  3 dart slugs
  7 leopard geckos
  10 orcs
  7 giant cockroaches
  13 goblins
  9 hobgoblins
  8 jackals
  4 kobolds
  2 quokkas (D:2)
  2 ball pythons
  7 bats
  5 frilled lizards
  4 gnoll skeletons (Ossuary)
  3 jackal skeletons (D:4)
  7 kobold skeletons (Ossuary)
  A leopard gecko skeleton (D:5)
  14 orc skeletons (Ossuary)
  4 rats
  A plant (D:6)
159 creatures vanquished.

Vanquished Creatures (others)
  A frilled lizard (D:5)
  7 fulminant prisms
8 creatures vanquished.

Grand Total: 167 creatures vanquished

Notes
Turn   | Place    | Note
-------+----------+-------------------------------------------
     0 | D:1      | KnobCreek the Mummy Conjurer began the quest for the Orb.
     0 | D:1      | Reached XP level 1. HP: 13/13 MP: 4/4
   404 | D:1      | Reached XP level 2. HP: 18/19 MP: 0/5
   471 | D:1      | Learned a level 2 spell: Searing Ray
  1500 | D:2      | Found a white marble altar of Elyvilon.
  1501 | D:2      | Reached XP level 3. HP: 24/24 MP: 5/7
  1558 | D:2      | Learned a level 3 spell: Dazzling Spray
  1589 | D:2      | Reached skill level 3 in Spellcasting
  1712 | D:2      | Found an opulent altar of Gozag.
  1720 | D:2      | Became a worshipper of Gozag Ym Sagoz the Greedy
  1884 | D:2      | Noticed Terence
  1953 | D:2      | Killed Terence
  1953 | D:2      | Reached XP level 4. HP: 18/30 MP: 1/9
  2942 | D:3      | Noticed imallriledup's ghost (amateur HOBe)
  2967 | D:2      | Learned a level 4 spell: Iskenderun's Mystic Blast
  3017 | D:3      | Reached skill level 4 in Spellcasting
  3063 | D:3      | Noticed Ijyb
  3071 | D:3      | Noticed Robin
  3071 | D:3      | Killed Ijyb
  3071 | D:3      | Reached XP level 5. HP: 28/35 MP: 1/11
  3305 | D:3      | Killed Robin
  3395 | D:3      | Reached skill level 5 in Conjurations
  4022 | D:3      | Reached skill level 5 in Spellcasting
  4022 | D:3      | Reached XP level 6. HP: 18/41 MP: 2/13
  4143 | D:2      | Learned a level 4 spell: Fulminant Prism
  4291 | D:3      | Found a deep blue altar of Sif Muna.
  4934 | D:4      | Noticed Eustachio
  5071 | D:4      | Found Yhau's Food Shoppe.
  5096 | D:4      | Noticed Faraday's ghost (amateur OpIE)
  5374 | D:4      | Killed Eustachio
  5374 | D:4      | Reached skill level 6 in Spellcasting
  5374 | D:4      | Reached XP level 7. HP: 17/46 MP: 0/16
  5859 | D:5      | Entered Level 5 of the Dungeon
  5997 | D:5      | Reached skill level 7 in Spellcasting
  6041 | D:5      | Found a staircase to the Ecumenical Temple.
  6228 | D:5      | Reached skill level 8 in Spellcasting
  6232 | D:5      | Reached XP level 8. HP: 20/52 MP: 12/20
  6271 | D:5      | Found a sand-covered staircase.
  6293 | Ossuary  | Entered an ossuary
  6302 | Ossuary  | Learned a level 4 spell: Force Lance
  6881 | D:5      | Found a glowing golden altar of the Shining One.
  7510 | D:6      | Reached skill level 9 in Spellcasting
  8726 | D:6      | Reached skill level 10 in Spellcasting
  9164 | D:6      | Killed from afar by an electric eel

Skill      XL: |  1  2  3  4  5  6  7  8 |
---------------+-------------------------+-----
Conjurations   | 4 5 6 7 |  7.6
Spellcasting   | 3 4 5 6 8 10 | 10.1
Dodging        | |  1.5
Stealth        | |  1.5

Action                   |  1- 3 |  4- 6 |  7- 9 || total
-------------------------+-------+-------+-------++-------
Melee: Unarmed           |     3 |       |       ||     3
       Dagger            |    14 |     4 |     1 ||    19
       Mace              |    10 |     3 |       ||    13
       Short sword       |       |     8 |       ||     8
       Whip              |       |    48 |    47 ||    95
 Cast: Magic Dart        |    74 |    65 |    71 ||   210
       Searing Ray       |     4 |    25 |    22 ||    51
       Iskenderun's Myst |       |     5 |     2 ||     7
       Fulminant Prism   |       |       |     7 ||     7
       Dazzling Spray    |       |       |     2 ||     2
Invok: Call Merchant     |       |       |     1 ||     1
  Use: Scroll            |     2 |     4 |     6 ||    12
 Stab: Sleeping          |       |     5 |     2 ||     7
       Invisible         |       |       |     1 ||     1
Armor: Robe              |    14 |    20 |    16 ||    50
Dodge: Dodged            |    45 |    94 |    54 ||   193
